 Dungeon Crawl Stone Soup version 0.31-a0-1008-g5b978dac0e (webtiles) character file.

Game seed: 9721571076517185060

2694804 BinkBink the Minotaur Barricade (level 27, 265/273 HPs)
             Began as a Minotaur Fighter on Nov 13, 2023.
             Was the Champion of Okawaru.
             Escaped with the Orb
             ... and 5 runes!
             The game lasted 03:57:05 (95544 turns).

BinkBink the Minotaur Barricade (Minotaur Fighter) Turns: 95544, Time: 03:57:06

Health: 265/273    AC: 57    Str: 32    XL:     27
Magic:  33/33      EV: 15    Int:  5    God:    Okawaru [******]
Gold:   8466       SH: 19    Dex: 13    Spells: 26/26 levels left

rFire   + + .        R - +8 broad axe "Ujiumoy" {venom, rN++}
rCold   + . .        x - +3 warlock's mirror {omnireflect}
rNeg    + + +        t - +11 crystal plate armour {rC+}
rPois   +            o - +2 hat of the Forest {rPois Stlth+}
rElec   +            Z - +2 cloak
rCorr   .            P - +3 pair of gauntlets of War {Slay+5}
SInv    +            u - +2 pair of boots "Nifosu" {rElec rF+}
Will    ++...        X - amulet of reflection Stlth
                     m - ring of positive energy
HPRegen 0.65/turn    K - ring of Waet Leca {rF+ SInv}
MPRegen 0.23/turn

%: reflection
@: studying 4 skills
A: horns 2, retaliatory headbutt, inability to drink after injury 1
0: Orb of Zot
}: 5/15 runes: serpentine, barnacled, slimy, silver, abyssal
a: Renounce Religion, Heroism, Finesse, Duel


You escaped.
You worshipped Okawaru.
Okawaru was exalted by your worship.
You visited 18 branches of the dungeon, and saw 66 of its levels.
You visited the Abyss 8 times.
You also visited: Gauntlet and Ice Cave.

You collected 9207 gold pieces.
You spent 741 gold pieces at shops.

Inventory:

Hand Weapons
 R - the +8 broad axe "Ujiumoy" (weapon) {venom, rN++}
   (Okawaru gifted it to you on level 11 of the Dungeon)

   rN++:      It greatly protects you from negative energy.
Missiles
 d - 42 boomerangs
 H - 8 throwing nets
 O - 16 javelins (quivered)
 W - 54 silver javelins
Armour
 o - the +2 hat of the Forest (worn) {rPois Stlth+}
   (You bought it in a shop on level 2 of the Dungeon)

   rPois:     It protects you from poison Stlth+: It makes you more stealthy.
 r - the +0 tower shield "Tuxugh" {Will+}
   (You took it off Louise on level 2 of the Lair of Beasts)

   Will+:     It increases your willpower.
 t - a +11 crystal plate armour of cold resistance (worn)
 u - the +2 pair of boots "Nifosu" (worn) {rElec rF+}
   (You acquired it on level 4 of the Depths)

   rF+:       It protects you from fire.
   rElec:     It insulates you from electricity.
 x - the +3 warlock's mirror (worn) {omnireflect}
   (You found it on level 3 of the Elven Halls)

   Omnireflect: It can block and reflect piercing ranged attacks and magical
   attacks against the wielder's willpower.
 P - the +3 pair of gauntlets of War (worn) {Slay+5}
   (Okawaru gifted it to you on level 11 of the Dungeon)

   Slay+5:    It affects your accuracy & damage with ranged weapons and melee
   (+5).
 Z - a +2 cloak (worn)
Jewellery
 g - the amulet of Boexkak {Spirit +Inv rElec}
   (You found it on level 5 of the Vaults)

   [amulet of guardian spirit]

   Spirit:    It causes incoming damage to be divided between your reserves of
   health and magic.
   rElec:     It insulates you from electricity.
   +Inv:      It lets you turn invisible.
 m - a ring of positive energy (left hand)
 v - a +5 ring of evasion
 w - a ring of flight
 C - the ring of Fipeusm {Fire rElec rPois Str-5 Dex+3}
   (You found it on level 3 of the Shoals)

   [ring of fire]

   Fire:      It enhances your fire magic.
   Str-5:     It affects your strength (-5).
   Dex+3:     It affects your dexterity (+3).
   rF+:       It protects you from fire.
   rC-:       It makes you vulnerable to cold.
   rElec:     It insulates you from electricity.
   rPois:     It protects you from poison
 D - the ring of Messeupn {rN+ Str-4 Int+6 Dex+2 Stlth+}
   (You found it on level 3 of the Crypt)

   [ring of positive energy]

   Str-4:     It affects your strength (-4).
   Int+6:     It affects your intelligence (+6).
   Dex+2:     It affects your dexterity (+2).
   rN+:       It protects you from negative energy.
   Stlth+:    It makes you more stealthy.
 J - the ring of Jifot {rN+ Will+++ Int-5 Stlth+}
   (You found it on level 3 of the Crypt)

   [ring of positive energy]

   Int-5:     It affects your intelligence (-5).
   rN+:       It protects you from negative energy.
   Will+++:   It greatly increases your willpower.
   Stlth+:    It makes you more stealthy.
 K - the ring of Waet Leca (right hand) {rF+ SInv}
   (You took it off a deep elf death mage on level 3 of the Elven Halls)

   [ring of see invisible]

   rF+:       It protects you from fire.
   SInv:      It lets you see invisible.
 X - an amulet of reflection (around neck)
Wands
 c - a wand of digging (31)
 n - a wand of iceblast (11)
 s - a wand of flame (6)
 z - a wand of quicksilver (5)
Scrolls
 e - 8 scrolls of fog
 f - 10 scrolls of poison
 i - 12 scrolls of enchant weapon
 k - 10 scrolls of fear
 l - 12 scrolls of immolation
 p - 22 scrolls of teleportation
 q - 3 scrolls of brand weapon
 y - 4 scrolls of revelation
 E - a scroll of torment
 Q - 6 scrolls of amnesia
Potions
 a - 7 potions of might
 b - 9 potions of enlightenment
 h - 23 potions of curing
 j - 10 potions of lignification
 A - 6 potions of ambrosia
 B - 7 potions of invisibility
 F - a potion of cancellation
 G - 3 potions of heal wounds
 L - 3 potions of berserk rage
 M - 9 potions of brilliance
 N - 4 potions of magic
 S - 6 potions of mutation
 T - 10 potions of haste
 U - 2 potions of resistance
 V - 2 potions of attraction


   Skills:
 O Level 27 Fighting
 O Level 27 Axes
 O Level 27 Throwing
 O Level 27 Armour
 * Level 19.2 Dodging
 O Level 27 Shields
 - Level 15.6 Invocations


You had 26 spell levels left.
You didn't know any spells.
Your spell library contained the following spells:

 Spells                   Type           Power      Damage    Failure   Level
 Apportation              Tloc           0%         N/A       94%         1
 Foxfire                  Conj/Fire      0%         2x1d4     94%         1
 Freeze                   Ice            0%         1d3       94%         1
 Kiss of Death            Conj/Necr      0%         2d5       94%         1
 Magic Dart               Conj           0%         1d3       94%         1
 Necrotise                Necr           0%         1d4       94%         1
 Sandblast                Erth           0%         2d4       94%         1
 Shock                    Conj/Air       0%         1d3       94%         1
 Slow                     Hex            0%         N/A       94%         1
 Blink                    Tloc           0%         N/A       98%         2
 Cigotuvi's Dreadful Rot  Necr/Pois/Air  0%         N/A       98%         2
 Ensorcelled Hibernation  Hex/Ice        0%         N/A       98%         2
 Lesser Beckoning         Tloc           0%         N/A       98%         2
 Momentum Strike          Conj/Tloc      0%         3d8       98%         2
 Passwall                 Tmut/Erth      0%         N/A       98%         2
 Poisonous Vapours        Pois/Air       0%         N/A       98%         2
 Scorch                   Fire           0%         2d5       98%         2
 Searing Ray              Conj           0%         2d4       98%         2
 Static Discharge         Conj/Air       0%         3-3/arc   98%         2
 Sublimation of Blood     Necr           0%         N/A       98%         2
 Wereblood                Tmut           0%         N/A       98%         2
 Confusing Touch          Hex            0%         N/A       100%        3
 Dazzling Flash           Conj/Hex       0%         N/A       100%        3
 Frozen Ramparts          Ice            0%         1d1       100%        3
 Hailstorm                Conj/Ice       0%         3d3       100%        3
 Ignite Poison            Fire/Tmut/Pois 0%         N/A       100%        3
 Inner Flame              Hex/Fire       0%         N/A       100%        3
 Mephitic Cloud           Conj/Pois/Air  0%         N/A       100%        3
 Sigil of Binding         Hex            0%         N/A       100%        3
 Stone Arrow              Conj/Erth      0%         3d7       100%        3
 Swiftness                Air            0%         N/A       100%        3
 Vampiric Draining        Necr           0%         2d6       100%        3
 Volatile Blastmotes      Fire/Tloc      0%         2d10      100%        3
 Airstrike                Air            0%         2d(0-16)  100%        4
 Anguish                  Hex/Necr       0%         N/A       100%        4
 Brom's Barrelling Bould  Conj/Erth      0%         2d3       100%        4
 Cause Fear               Hex            0%         N/A       100%        4
 Dimensional Bullseye     Hex/Tloc       0%         N/A       100%        4
 Dispel Undead            Necr           0%         3d6       100%        4
 Flame Wave               Conj/Fire      0%         2d4       100%        4
 Fulminant Prism          Conj/Hex       0%         3d5       100%        4
 Leda's Liquefaction      Hex/Erth       0%         N/A       100%        4
 Manifold Assault         Tloc           0%         N/A       100%        4
 Olgreb's Toxic Radiance  Pois           0%         N/A       100%        4
 Petrify                  Tmut/Erth      0%         N/A       100%        4
 Sticky Flame             Conj/Fire      0%         2d3       100%        4
 Vhi's Electric Charge    Tloc/Air       0%         N/A       100%        4
 Agony                    Necr           0%         N/A       100%        5
 Alistair's Intoxication  Tmut/Pois      0%         N/A       100%        5
 Arcjolt                  Conj/Air       0%         1d10      100%        5
 Borgnjor's Vile Clutch   Necr/Erth      0%         N/A       100%        5
 Fireball                 Conj/Fire      0%         3d3       100%        5
 Freezing Cloud           Conj/Ice/Air   0%         6-21      100%        5
 Irradiate                Conj/Tmut      0%         3d11      100%        5
 Iskenderun's Battlesphe  Conj           0%         2d6       100%        5
 Lee's Rapid Deconstruct  Erth           0%         3d4*      100%        5
 Yara's Violent Unravell  Hex/Tmut       0%         3d3       100%        5
 Bombard                  Conj/Erth      0%         9d1       100%        6
 Conjure Ball Lightning   Conj/Air       0%         3x3d6     100%        6
 Eringya's Noxious Bog    Tmut/Pois      0%         4d6       100%        6
 Plasma Beam              Fire/Air       0%         2x1d10    100%        6
 Starburst                Conj/Fire      0%         6d3       100%        6
 Enfeeble                 Hex            0%         N/A       100%        7
 Orb of Destruction       Conj           0%         9d5       100%        7
 Discord                  Hex            0%         N/A       100%        8
 Ignition                 Fire           0%         3d3       100%        8
 Maxwell's Capacitive Co  Air            0%         ∞         100%        8
 Chain Lightning          Conj/Air       0%         N/A       100%        9
 Fire Storm               Conj/Fire      0%         5d1       100%        9
 Shatter                  Erth           0%         3d5*      100%        9
 Call Imp                 Summ           Unusable   N/A       N/A         2
 Call Canine Familiar     Summ           Unusable   N/A       N/A         3
 Summon Guardian Golem    Hex/Summ       Unusable   N/A       N/A         3
 Summon Lightning Spire   Summ/Air       Unusable   N/A       N/A         4
 Death Channel            Necr           Unusable   N/A       N/A         6
 Summon Cactus Giant      Summ           Unusable   N/A       N/A         6
 Spellforged Servitor     Conj/Summ      Unusable   N/A       N/A         7
 Summon Hydra             Summ           Unusable   N/A       N/A         7

Dungeon Overview and Level Annotations

Branches:
Dungeon (15/15)            Temple (1/1) D:5            Lair (5/5) D:11
 Shoals (4/4) Lair:2        Snake (4/4) Lair:2        Slime (5/5) Lair:5
    Orc (2/2) D:9             Elf (3/3) Orc:2        Vaults (5/5) D:14
  Crypt (3/3) Vaults:3       Tomb (2/3) Crypt:3      Depths (4/4) D:15
   Hell (visited)             Dis (1/7) Hell            Geh (1/7) Hell
    Coc (1/7) Hell            Tar (4/7) Hell            Zot (5/5) Depths:4
  IceCv (visited)         Gauntlet (visited)

Altars:
Ashenzari
Cheibriados
Dithmenos
Elyvilon
Fedhas
Gozag
Hepliaklqana
Kikubaaqudgha
Makhleb
Nemelex Xobeh
Okawaru
Qazlal
Ru
Sif Muna
Trog
Uskayaw
Vehumet
Wu Jian
Xom
Yredelemnul
Zin
The Shining One
Jiyva

Shops:
D:2 [   D:3 *   D:4 :   D:10 (*   D:11 ***   D:12 (   D:15 =   Orc:2 [**[
Elf:3 [   Snake:1 =   Vaults:3 !   Vaults:4 :   Vaults:5 (   Depths:1 *

Portals:
Hell: Depths:1 Depths:2 Depths:3 Depths:4
Abyss: Depths:3
Pandemonium: Depths:2
Ziggurat: Depths:1

Annotations:
Coc:1 exclusion: 3 ice statues


Innate Abilities, Weirdness & Mutations

You have a pair of horns on your head.
You reflexively headbutt those who attack you in melee.
You occasionally lose the ability to drink potions when taking damage.


Message History

You kill the balrug!
Okawaru accepts your kill.
You are covered in liquid flames!
No target in view!
You are on fire!
You are covered in liquid flames!
You are covered in liquid flames!
You are covered in liquid flames!
An efreet comes into view.
It is wielding a +1 scimitar of flaming.
There is a stone staircase leading up here.
You climb upwards.
There is a stone staircase leading down here.
There is a stone staircase leading up here.
You climb upwards.
There is a stone staircase leading down here.
Zacw comes into view.
Zacw gestures at you. The poison arrow hits you!!
You are poisoned.
You partially resist.
You feel very sick.
There is a stone staircase leading up here.
You feel sick. Zacw gestures at you.
Your +3 warlock's mirror {omnireflect} blocks the poison arrow... and reflects it back!
The poison arrow hits Zacw!
Zacw partially resists.
Zacw is poisoned.
You climb upwards.
You feel sick.
There is a stone staircase leading down here.
Okay, then.
Unknown command.
Okay, then.
You feel sick.
You feel sick.
You feel sick.
You feel sick.
You feel sick.
You are no longer poisoned.
There is a staircase leading out of the dungeon here.
You can't go down here!
You have escaped!

......#.# #.### #.# #.#
........# #.# #.# #.#
.####.### ###.# #.#
#.### ## #.#
#####...#### #.# #....
# #.# #..##..##..# #.#
####. # #.#
#..##..##..# #.# #. #
#.# ###..##..### #.# #.
# #.# ###..##..### #.##
#. # #.#####..##.@##..#
#..# #. #
#.....#..##..##..# ##.#
##. #
#####.###..##..### #.#
###.. #..##..##[.###
#.# #.... #####
#....##..##..# #.#
#.#.. ....#
#.#..##..##..## #.#
#.### ....#
#.#########[..###.###.#
###.#####.####
###......##.#
#..........#
####.#.##.#


There were no monsters in sight!

Vanquished Creatures
  the Royal Jelly (Slime:5)
  10 dread liches
  3 orbs of fire (Zot:5)
  6 ancient liches
  2 juggernauts (Depths:4)
  7 royal mummies
  6 Killer Klowns
  The ghost of royokou the Executioner, a veteran MiFi of Makhleb (Vaults:4)
  Frederick (Depths:3)
  Vashnia (Snake:2)
  Bai Suzhen (Snake:3)
  Nikola (Snake:3)
  11 golden dragons
  5 profane servitors
  Geryon (Hell)
  17 bone dragons
  Norris (Vaults:3)
  8 Tzitzimimeh
  4 doom hounds
  An iron giant (Dis:1)
  A spectral shard shrike (Tar:3)
  20 tentacled monstrosities
  Jorgrun (D:15)
  A hellephant (Abyss:4)
  26 Orb Guardians
  6 liches
  The ghost of Tok Vil the Marksminotaur, an adept MiHu of Okawaru (Elf:1)
  A tainted leviathan (Hell)
  The ghost of tish the Metamorph, an adept TrBe of Trog (Elf:2)
  A walking frostbound tome (Depths:3)
  A shard shrike skeleton (Abyss:4)
  2 deep elf master archers (Elf:3)
  3 quicksilver dragons
  A walking divine tome (Abyss:4)
  3 deep elf blademasters
  The ghost of Lolleill the Bludgeoner, an adept DgSh (Vaults:4)
  4 titans
  12 sphinxes
  Gastronok (Lair:2)
  Kirke (Shoals:4)
  34 acid blobs
  8 ancient champions
  13 death cobs
  2 Executioners
  19 tentacled starspawn
  The ghost of semem the Fencer, an adept HuMo of Qazlal (Elf:1)
  Aizul (Lair:2)
  10 tengu reavers
  2 revenants
  3 draconian monks
  9 draconian knights
  10 shadow dragons
  16 storm dragons
  7 azure jellies
  6 nagarajas
  A daeva (D:6)
  A nargun (Hell)
  6 frost giants
  14 rockslimes
  10 fire giants
  19 vault wardens
  8 draconian scorchers
  5 deep elf sorcerers
  6 spectral caustic shrikes
  5 iron dragons
  Louise (Lair:2)
  A shard shrike simulacrum (Abyss:2)
  3 deep elf elementalists
  A juggernaut zombie (Crypt:1)
  4 balrugs
  A caustic shrike zombie (Tomb:2)
  2 draconian stormcallers
  The ghost of Feull the Fighter, a journeyman MiFi of Okawaru (D:14)
  3 ghost moths
  A cacodemon (Hell)
  9 draconian shifters
  36 very ugly things
  6 angels
  2 spriggan defenders
  21 ironbound preservers
  4 curse skulls
  3 orc warlords
  8 quicksilver oozes
  3 ghouls (Crypt:1)
  14 stone giants
  6 ironbound thunderhulks
  8 draconian annihilators
  A formless jellyfish (Slime:5)
  8 deep elf demonologists
  6 war gargoyles
  6 reapers
  7 vampire knights
  The ghost of voshxx the Scorcher, an adept TeFE of Sif Muna (Elf:1)
  2 starflowers (Abyss:4)
  5 putrid mouths
  10 green draconians
  4 bennus
  14 red draconians
  13 white draconians
  An eleionoma (Zot:1)
  3 lorocyprocas
  2 spark wasps
  A minotaur (Gauntlet)
  12 purple draconians
  11 black draconians
  6 deep elf annihilators
  A bunyip (Abyss:4)
  10 yellow draconians
  6 blizzard demons
  28 dire elephants
  4 iron golems (Dis:1)
  A green death (Depths:2)
  11 deep elf death magi
  7 fire dragons
  14 ettins
  6 eidola
  Josephine (Shoals:1)
  7 merfolk javelineers
  9 merfolk impalers
  13 mummy priests
  A spectral spriggan (Tar:3)
  The ghost of stendehmen the Thaumaturge, a journeyman DECj of Vehumet (Elf:1)
  6 deep elf high priests
  11 jiangshi
  2 spriggan zombies
  14 great orbs of eyes
  13 ice dragons
  2 salamander tyrants (Snake:4)
  12 yaktaur captains
  2 alligator snapping turtles (Shoals:4)
  2 catoblepae
  6 ironbound frosthearts
  30 vault guards
  5 ogre magi
  5 merfolk avatars
  17 centaur warriors
  A hell beast (D:12)
  7 rakshasas
  6 hydras
  3 merfolk aquamancers
  An anaconda (shapeshifter) (Vaults:4)
  6 anacondas
  3 spriggan air magi
  2 death knights
  44 death scarabs
  3 satyrs (Shoals:4)
  7 death yaks
  10 boulder beetles
  5 vampire magi
  13 two-headed ogres
  11 deep troll shamans
  17 naga warriors
  A titan zombie (Crypt:3)
  3 spectral nagas
  11 hell hogs
  3 occultists
  9 orc high priests
  8 deep troll earth magi
  2 tengu warriors (D:15)
  2 spectral stone giants
  28 dancing weapons
  13 hell knights
  A spectral storm dragon (Tar:1)
  6 shock serpents
  3 spriggan berserkers
  A demonic crawler (Hell)
  2 spectral dire elephants
  A shock serpent (shapeshifter) (Vaults:4)
  19 thrashing horrors
  22 naga sharpshooters
  14 deep elf knights
  4 spriggans
  17 wretched stars
  10 soul eaters
  2 shadow wraiths
  4 salamander mystics
  25 sun demons
  A spectral death yak (Lair:5)
  9 sixfirhies
  25 skeletal warriors
  6 skysharks
  A spectral bunyip (Tar:1)
  3 iron trolls (Depths:2)
  38 large abominations
  2 spectral anacondas
  13 sea snakes
  An anaconda zombie (Crypt:1)
  2 spatial maelstroms
  A glowing orange brain (shapeshifter) (D:7)
  10 glowing orange brains
  76 deep trolls
  7 naga ritualists
  3 bog bodies
  29 phantasmal warriors
  A shadow demon (Abyss:3)
  A spectral iron dragon (Tar:2)
  An obsidian statue (Lair:5)
  10 arcanists
  9 flayed ghosts
  A bunyip skeleton (Crypt:3)
  8 orc knights
  10 deep elf archers
  20 harpies
  7 necromancers
  Pikel (D:5)
  49 ugly things
  31 deep elf zephyrmancers
  18 ironbound convokers
  7 mana vipers
  2 harpies (shapeshifter)
  An orc sorcerer (Abyss:4)
  A jorogumo zombie (Crypt:1)
  4 shining eyes
  32 deep elf pyromancers
  A shadow dragon skeleton (Vaults:5)
  4 worldbinders (Abyss:4)
  4 lindwurms
  An oklob plant (Lair:1)
  21 elephants
  13 fauns
  7 cyclopes
  12 merfolk sirens
  16 manticores
  18 moths of wrath
  A human skeleton (Vaults:5)
  11 salamanders
  A centaur zombie (Crypt:2)
  Joseph (D:7)
  2 guardian serpents
  20 naga magi
  A dire elephant zombie (Lair:5)
  8 apocalypse crabs (Abyss:4)
  24 black mambas
  2 orange demons
  A stone giant skeleton (Crypt:3)
  An elephant (shapeshifter) (Abyss:4)
  An elf zombie (Vaults:5)
  A torpor snail (Lair:5)
  18 smoke demons
  3 naga skeletons
  2 eyes of devastation
  An ice statue (IceCv)
  5 water nymphs
  7 molten gargoyles
  21 vault sentinels
  8 gargoyles
  6 unseen horrors
  Jeremiah (D:9)
  2 dire elephant skeletons (Lair:5)
  10 efreet
  2 spectral iron trolls (Crypt:2)
  36 yaktaurs
  16 cane toads
  2 kobold demonologists
  3 rime drakes
  5 hellions
  5 freezing wraiths
  An unseen horror zombie (Crypt:2)
  A human zombie (Vaults:5)
  An alligator snapping turtle skeleton (Crypt:3)
  11 komodo dragons
  6 tormentors
  An anaconda simulacrum (IceCv)
  20 guardian mummies
  3 ice devils (Hell)
  6 red devils
  9 ancient zymes
  3 silent spectres
  3 spectral harpies
  12 trolls
  A minotaur skeleton (Crypt:1)
  A yellow draconian skeleton (Crypt:2)
  19 merfolk
  3 tengu conjurers
  2 spectral deep trolls (Crypt:2)
  A polar bear (Lair:5)
  A tarantella (shapeshifter) (D:14)
  A hornet (shapeshifter) (Vaults:4)
  12 wind drakes
  11 hornets
  A hydra skeleton (Crypt:1)
  29 raiju
  4 hellwings
  15 blink frogs
  2 spectral elephants (Lair:5)
  14 dream sheep
  A glass eye (shapeshifter) (Vaults:4)
  A blink frog (shapeshifter) (Depths:4)
  6 glass eyes
  5 snapping turtles
  5 flying skulls (Tomb:1)
  A fire dragon skeleton (Crypt:2)
  33 yaks
  15 water elementals
  An ettin skeleton (Abyss:3)
  9 vampires
  29 small abominations
  An air elemental (Elf:2)
  9 shadows
  A centaur simulacrum (Hell)
  2 black mamba skeletons
  3 ushabtiu
  6 hogs (Shoals:4)
  3 wyverns
  7 ynoxinuls
  118 slime creatures
  3 fire elementals
  6 neqoxecs
  23 wraiths
  A dire elephant simulacrum (Hell)
  A basilisk (shapeshifter) (Vaults:4)
  4 basilisks
  10 golden eyes
  3 steam dragons
  14 chaos spawn
  A tyrant leech zombie (Crypt:2)
  3 spatial vortices
  5 fire bats (Abyss:4)
  11 vampire mosquitoes
  4 harpy simulacra
  4 death yak simulacra
  2 swamp worms (Gauntlet)
  39 nagas
  7 wargs
  Edmund (D:4)
  2 acid dragons (D:12)
  18 water moccasins
  Duvessa (D:5)
  A meliai simulacrum (D:14)
  17 hell hounds
  27 orc warriors
  A deep troll skeleton (Crypt:1)
  4 black bears
  An elephant zombie (Lair:5)
  A lindwurm zombie (Crypt:1)
  3 ice beasts
  A sky beast (D:7)
  A hog zombie (Crypt:2)
  20 wolves
  A dream sheep skeleton (Crypt:2)
  3 ogres
  8 boggarts
  9 centaurs
  3 elephant skeletons (Lair:5)
  A snapping turtle skeleton (Crypt:2)
  3 phantoms
  3 kobold brigands
  Blork the orc (D:5)
  8 bullfrogs
  3 gnoll sergeants
  7 two-headed ogre simulacra (IceCv)
  4 earth elementals
  A necrophage (Crypt:1)
  4 scorpions
  4 cane toad simulacra
  30 wights
  Dowan (D:5)
  6 killer bees
  A warg skeleton (Crypt:2)
  2 elephant simulacra (IceCv)
  4 howler monkeys
  2 electric eels
  A quasit (Abyss:4)
  2 jellies (D:6)
  2 iron imps (Abyss:4)
  33 orc priests
  2 sleepcaps
  57 starcursed masses
  6 hounds
  2 gnoll boudas (D:7)
  6 hell rats (Lair:5)
  2 iguanas (D:5)
  26 orc wizards
  6 troll simulacra (IceCv)
  8 spriggan simulacra
  3 polar bear simulacra (IceCv)
  2 wolf simulacra (IceCv)
  A tengu skeleton (Crypt:2)
  30 mummies
  17 gnolls
  5 adders
  2 naga simulacra (IceCv)
  A swamp drake skeleton (Crypt:2)
  2 shadow imps (D:7)
  9 white imps
  14 ufetubi
  A worm (D:2)
  2 dart slugs
  104 orcs
  9 ball pythons
  4 endoplasms (D:1)
  2 giant cockroaches
  4 goblins
  3 hobgoblins
  10 jackals
  23 kobolds
  2 quokkas
  A river rat zombie (Crypt:2)
  4 bats
  A dart slug zombie (Crypt:1)
  2 frilled lizards
  A kobold skeleton (Crypt:1)
  6 rats
  A rat zombie (Crypt:1)
  3 lurking horrors (Abyss:4)
  A spectral weapon (Depths:2)
  21 starspawn tentacles
3249 creatures vanquished.

Vanquished Creatures (others)
  Asterion (Depths:2)
  An occultist (Abyss:4)
  A deep elf pyromancer (Elf:3)
  A smoke demon (Zot:1)
  An orange demon (Abyss:4)
  An ancient zyme (Abyss:4)
  A raiju (Abyss:4)
  A black mamba skeleton (Crypt:2)
  A boggart (Vaults:2)
  A small abomination (Abyss:4)
  4 orcs
  A lurking horror (Abyss:4)
  37 starspawn tentacles
52 creatures vanquished.

Grand Total: 3301 creatures vanquished

Notes
Turn   | Place    | Note
-------+----------+-------------------------------------------
     0 | D:1      | BinkBink the Minotaur Fighter began the quest for the Orb.
     0 | D:1      | Reached XP level 1. HP: 19/19 MP: 0/0
   146 | D:1      | Reached XP level 2. HP: 25/27 MP: 1/1
   841 | D:2      | Found Baubuuru's Antique Armour Boutique.
   977 | D:2      | Reached XP level 3. HP: 12/33 MP: 2/2
  1758 | D:3      | Found a faded altar of an unknown god.
  1906 | D:3      | Found Tywnur's Assorted Antiques.
  1914 | D:3      | Bought 3 scrolls labelled CAG YLUBUIS for 78 gold pieces
  2241 | D:4      | Found a stormy altar of Qazlal.
  2243 | D:4      | Noticed an earth elemental
  2243 | D:4      | Noticed a fire elemental
  2244 | D:4      | Noticed an air elemental
  2244 | D:4      | Noticed a water elemental
  2277 | D:4      | Reached XP level 4. HP: 25/40 MP: 3/3
  2367 | D:4      | Noticed Edmund
  2374 | D:4      | Killed Edmund
  2375 | D:4      | Reached skill level 5 in Shields
  2375 | D:4      | Reached XP level 5. HP: 23/47 MP: 4/4
  2521 | D:4      | Noticed an ogre
  2524 | D:4      | Killed an ogre
  2525 | D:4      | Reached skill level 5 in Axes
  2525 | D:4      | Reached XP level 6. HP: 29/53 MP: 5/5
  2849 | D:4      | Found a broken altar of Ashenzari.
  2869 | D:4      | Reached skill level 5 in Armour
  2903 | D:4      | Found Vuawk's Book Shop.
  3208 | D:5      | Entered Level 5 of the Dungeon
  3256 | D:5      | Noticed Blork the orc
  3262 | D:5      | Killed Blork the orc
  3263 | D:5      | Reached skill level 5 in Fighting
  3263 | D:5      | Reached XP level 7. HP: 42/61 MP: 6/6
  3343 | D:5      | Found a staircase to the Ecumenical Temple.
  3399 | D:5      | Found a white marble altar of Elyvilon.
  3444 | Temple   | Entered the Ecumenical Temple
  3449 | Temple   | Became a worshipper of Warmaster Okawaru
  3829 | D:5      | Noticed Pikel
  3843 | D:5      | Killed Pikel
  3843 | D:5      | Reached * piety under Okawaru
  3844 | D:5      | Reached XP level 8. HP: 8/70 MP: 7/7
  4085 | D:5      | Noticed Duvessa
  4086 | D:5      | Noticed Dowan
  4097 | D:5      | Killed Duvessa
  4321 | D:5      | Killed Dowan
  4747 | D:5      | Found a glowing silver altar of Zin.
  5392 | D:6      | Reached ** piety under Okawaru
  5975 | D:6      | Found a shimmering altar of Xom.
  5975 | D:6      | Found a shimmering altar of Xom.
  5975 | D:6      | Found a shimmering altar of Xom.
  5976 | D:6      | Found a shimmering altar of Xom.
  6541 | D:5      | Reached XP level 9. HP: 14/78 MP: 8/8
  6934 | D:7      | Identified the "Jeanli"
  6934 | D:7      | Identified the "Nicvaacs"
  8045 | D:7      | Reached *** piety under Okawaru
  8046 | D:7      | Reached skill level 10 in Shields
  8049 | D:7      | Noticed a green ugly thing
  8072 | D:7      | Killed a green ugly thing
  8073 | D:7      | Reached skill level 10 in Axes
  8260 | D:7      | Noticed Joseph
  8287 | D:7      | Killed Joseph
  8477 | D:7      | Reached XP level 10. HP: 15/88 MP: 6/9
  9434 | D:7      | Noticed a five-headed hydra
  9672 | D:8      | Identified the +7 hand axe of Red Wine {flame, rPois rN+}
  9737 | D:7      | Killed a one-headed hydra
  9737 | D:7      | Reached **** piety under Okawaru
 10006 | D:7      | Noticed a two-headed ogre
 10007 | D:7      | Noticed a swamp dragon
 10017 | D:7      | Noticed a cyclops
 10021 | D:7      | Killed a two-headed ogre
 10388 | D:7      | a redback changed into a glowing orange brain
 10388 | D:7      | Noticed a glowing orange brain (shapeshifter)
 10404 | D:7      | Killed a glowing orange brain
 10404 | D:7      | Reached ***** piety under Okawaru
 10411 | D:7      | Killed a cyclops
 11335 | D:9      | Found a large runed translucent door.
 11336 | D:9      | Found a large runed translucent door.
 11348 | D:9      | Reached XP level 11. HP: 95/95 MP: 10/10
 11359 | D:9      | Received a gift from Okawaru
 11779 | D:9      | Noticed Jeremiah
 11881 | D:9      | Killed Jeremiah
 12125 | D:9      | Found a staircase to the Orcish Mines.
 12788 | D:10     | Entered Level 10 of the Dungeon
 13445 | D:10     | Noticed a two-headed ogre
 13451 | D:10     | Killed a two-headed ogre
 13553 | D:10     | Found Esamaimp's Lightly-Used Armoury.
 13879 | D:10     | Found Xeutaps's Weapon Shop.
 14158 | D:4      | Identified a scroll of acquirement
 14159 | D:4      | Acquired a manual of Axes
 14222 | D:2      | Bought an encrusted hat for 225 gold pieces
 14222 | D:2      | Identified the +2 hat of the Forest {rPois Stlth+} (You
                  | bought it in a shop on level 2 of the Dungeon)
 14458 | D:11     | Noticed a boulder beetle
 14477 | D:11     | Killed a boulder beetle
 14672 | D:11     | Received a gift from Okawaru
 14794 | D:11     | Found Boizeoq's Specific Store.
 14798 | D:11     | Found Cexkosapp's General Store.
 14811 | D:11     | Found a staircase to the Lair.
 14823 | D:11     | Noticed a two-headed ogre
 14826 | D:11     | Reached skill level 1 in Invocations
 14834 | D:11     | Killed a two-headed ogre
 14835 | D:11     | Reached skill level 10 in Armour
 14850 | D:11     | Noticed a two-headed ogre
 14852 | D:11     | Reached skill level 10 in Fighting
 14860 | D:11     | Killed a two-headed ogre
 15071 | D:11     | Noticed an orc knight
 15099 | D:11     | Killed an orc knight
 15100 | D:11     | Reached XP level 12. HP: 102/106 MP: 12/12
 15443 | D:11     | Found Lany's Elemental Accessories.
 15587 | D:12     | Noticed a boulder beetle
 15826 | D:11     | Killed a boulder beetle
 15826 | D:11     | Reached ****** piety under Okawaru
 15827 | D:11     | Acquired the +3 pair of gauntlets of War {Slay+5}
 15827 | D:11     | Received a gift from Okawaru
 15827 | D:11     | Found the +3 pair of gauntlets of War {Slay+5}
 15981 | D:11     | Acquired the +8 broad axe "Ujiumoy" {venom, rN++}
 15981 | D:11     | Received a gift from Okawaru
 16047 | D:12     | Noticed a boulder beetle
 16055 | D:12     | Killed a boulder beetle
 16183 | D:12     | Found Egeshrynt's Antique Weapon Shop.
 16208 | D:12     | Received a gift from Okawaru
 16216 | D:12     | Reached skill level 15 in Axes
 16256 | D:12     | Noticed a two-headed ogre
 16265 | D:12     | Killed a two-headed ogre
 16608 | D:12     | Noticed a centaur warrior
 16613 | D:12     | Killed a centaur warrior
 16677 | D:12     | Noticed a boulder beetle
 16682 | D:12     | Killed a boulder beetle
 16684 | D:12     | Received a gift from Okawaru
 16729 | D:12     | Noticed a catoblepas
 16734 | D:12     | Killed a catoblepas
 16735 | D:12     | Reached skill level 15 in Shields
 16853 | D:12     | Noticed a boulder beetle
 16858 | D:12     | Killed a boulder beetle
 17166 | D:12     | Noticed a two-headed ogre
 17172 | D:12     | Reached XP level 13. HP: 101/117 MP: 15/15
 17174 | D:12     | Received a gift from Okawaru
 17670 | D:12     | Identified the staff of Hospitality {rF+ rC+ Int+3 Ice}
 17799 | D:12     | Reached skill level 5 in Invocations
 17872 | D:12     | Received a gift from Okawaru
 18611 | Lair:1   | Entered Level 1 of the Lair of Beasts
 19523 | Lair:1   | Received a gift from Okawaru
 19894 | Lair:2   | Found a frozen archway.
 19920 | IceCv    | Entered an ice cave
 20591 | IceCv    | Reached XP level 14. HP: 129/129 MP: 17/17
 21231 | IceCv    | Received a gift from Okawaru
 21597 | Lair:2   | Found a staircase to the Shoals.
 21754 | Lair:2   | Noticed Gastronok
 21766 | Lair:2   | Killed Gastronok
 22033 | Lair:2   | Found a staircase to the Snake Pit.
 22540 | Lair:3   | Received a gift from Okawaru
 23102 | Lair:3   | Identified the +4 plate armour of Omission {+Blink rElec
                  | rC- rCorr}
 23507 | Lair:4   | Received a gift from Okawaru
 23718 | Lair:4   | Reached skill level 15 in Fighting
 23815 | Lair:4   | Found a gate leading to a gauntlet.
 23820 | Gauntlet | Entered a Gauntlet
 23820 | Gauntlet | Found a transporter.
 23853 | Gauntlet | Found a transporter.
 23864 | Gauntlet | Found a transporter.
 23867 | Gauntlet | Found a transporter.
 23878 | Gauntlet | Found a transporter.
 23896 | Gauntlet | Found a transporter.
 23907 | Gauntlet | Found a transporter.
 23915 | Gauntlet | Found a runed translucent door.
 23918 | Gauntlet | Found a transporter.
 23937 | Gauntlet | Found a transporter.
 23951 | Gauntlet | Found a transporter.
 23953 | Gauntlet | Found a transporter.
 23996 | Gauntlet | Found a runed translucent door.
 23999 | Gauntlet | Found a transporter.
 24013 | Gauntlet | Found a transporter.
 24026 | Gauntlet | Found a transporter.
 24245 | Gauntlet | Identified the +0 pair of boots "Kosagril" {+Blink Regen+}
 24287 | Gauntlet | Identified the +8 flail of Billealo {spect, Stlth+}
 24811 | Lair:5   | Entered Level 5 of the Lair of Beasts
 24863 | Lair:5   | Received a gift from Okawaru
 24944 | Lair:5   | Reached XP level 15. HP: 141/141 MP: 19/19
 25257 | Lair:5   | Found a staircase to the Slime Pits.
 25257 | Lair:5   | Found a viscous altar of Jiyva.
 25631 | Lair:5   | Received a gift from Okawaru
 26156 | Orc:1    | Entered Level 1 of the Orcish Mines
 26418 | Orc:2    | Entered Level 2 of the Orcish Mines
 26563 | Orc:2    | Received a gift from Okawaru
 26734 | Orc:2    | Found Haanlu Dehe's Antique Armour Boutique.
 26748 | Orc:2    | Found Laciduudd's Assorted Antiques.
 26781 | Orc:2    | Bought a ruby potion for 31 gold pieces
 26827 | Orc:2    | Found Neurch's General Store.
 26827 | Orc:2    | Found Sigoxkog's Armour Shoppe.
 26883 | Orc:2    | Bought a potion of haste for 130 gold pieces
 26883 | Orc:2    | Bought a scroll of enchant armour for 97 gold pieces
 26970 | Orc:2    | Found a staircase to the Elven Halls.
 27457 | Snake:1  | Entered Level 1 of the Snake Pit
 28232 | D:13     | Received a gift from Okawaru
 28510 | D:14     | Found a runed translucent door.
 28510 | D:14     | Noticed Feull's ghost (journeyman MiFi)
 28785 | D:14     | Found a snail-covered altar of Cheibriados.
 28997 | D:14     | Found a gate to the Vaults.
 29217 | D:15     | Entered Level 15 of the Dungeon
 29267 | D:15     | Reached skill level 1 in Throwing
 29292 | D:15     | Reached XP level 16. HP: 154/154 MP: 21/21
 29422 | D:15     | Found a hide-covered altar of Uskayaw.
 29486 | D:15     | Found a staircase to the Depths.
 29495 | D:15     | Received a gift from Okawaru
 29556 | D:15     | Found Fuovos's Jewellery Shop.
 29604 | D:15     | Noticed a tengu reaver
 29605 | D:15     | Identified the +1 long sword of the Leaping Penguin {pain,
                  | rPois rN++ Will+ Int-3}
 29605 | D:15     | Noticed a shadow dragon
 29607 | D:15     | Noticed a tengu reaver
 29738 | D:15     | Killed a shadow dragon
 29776 | D:15     | Killed a tengu reaver
 29813 | D:15     | Identified the +0 scale mail of Yttid {-Tele *Slow rN+++
                  | Regen+}
 30009 | D:15     | Noticed Jorgrun
 30020 | D:15     | Killed Jorgrun
 30539 | Snake:1  | Received a gift from Okawaru
 31045 | Snake:1  | Reached skill level 15 in Armour
 31112 | Snake:1  | Found Ati Pul's Jewellery Boutique.
 31119 | Snake:1  | Received a gift from Okawaru
 31406 | Snake:2  | Found a shimmering blue altar of Sif Muna.
 32063 | Snake:2  | Noticed Vashnia
 32099 | Snake:2  | Killed Vashnia
 32233 | Snake:2  | Reached skill level 5 in Throwing
 32233 | Snake:2  | Reached skill level 10 in Invocations
 32275 | Snake:2  | Reached XP level 17. HP: 144/163 MP: 23/23
 32539 | Snake:3  | Noticed Nikola
 32542 | Snake:3  | Received a gift from Okawaru
 32552 | Snake:3  | Killed Nikola
 32606 | Snake:3  | Noticed Bai Suzhen
 32634 | Snake:3  | Killed Bai Suzhen
 32917 | Snake:3  | Received a gift from Okawaru
 33181 | Snake:4  | Entered Level 4 of the Snake Pit
 33550 | Snake:4  | Received a gift from Okawaru
 34099 | Snake:4  | Received a gift from Okawaru
 34676 | Snake:4  | Got a serpentine rune of Zot
 34884 | Shoals:1 | Entered Level 1 of the Shoals
 34884 | Shoals:1 | Identified the serpent talisman of Honour {+Blink rElec
                  | Will- Dex+3}
 34884 | Shoals:1 | Noticed Aizul
 34906 | Lair:2   | Killed Aizul
 34980 | Shoals:1 | Identified the +0 tower shield "Tuxugh" {Will+}
 34980 | Shoals:1 | Noticed Louise
 35006 | Shoals:1 | Noticed Josephine
 35060 | Lair:2   | Killed Louise
 35099 | Shoals:1 | Killed Josephine
 35225 | Shoals:1 | Found a runed translucent door.
 35333 | Shoals:1 | Received a gift from Okawaru
 35349 | Shoals:1 | Reached XP level 18. HP: 129/174 MP: 25/25
 35558 | Shoals:1 | Identified the +9 short sword "Xaep" {venom, rN+ Str+2}
 36057 | Shoals:2 | Received a gift from Okawaru
 36598 | Shoals:3 | Identified the "Remomis"
 36829 | Shoals:3 | Identified the ring of Fipeusm {Fire rElec rPois Str-5
                  | Dex+3}
 37387 | Shoals:4 | Entered Level 4 of the Shoals
 37414 | Shoals:4 | Noticed Kirke
 37427 | Shoals:4 | Killed Kirke
 37643 | Shoals:4 | Received a gift from Okawaru
 37741 | Shoals:4 | Got a barnacled rune of Zot
 38757 | D:9      | Found a bloodstained altar of Trog.
 38769 | D:9      | Found an ornate altar of the Wu Jian Council.
 38941 | D:14     | Killed Feull's ghost
 39157 | Shoals:1 | Received a gift from Okawaru
 39406 | Vaults:1 | Entered Level 1 of the Vaults
 39579 | Vaults:1 | Reached XP level 19. HP: 47/184 MP: 27/27
 39667 | Vaults:1 | Noticed a dread lich
 39710 | Vaults:1 | Found a transporter.
 39711 | Vaults:1 | Found a shimmering blue altar of Sif Muna.
 40034 | Vaults:1 | Received a gift from Okawaru
 40374 | Vaults:1 | Received a gift from Okawaru
 40583 | Vaults:1 | Reached skill level 10 in Throwing
 40583 | Vaults:1 | Reached XP level 20. HP: 193/193 MP: 28/28
 41026 | Vaults:2 | Received a gift from Okawaru
 41794 | Vaults:3 | Noticed Norris
 41809 | Vaults:3 | Lost intelligence.
 41818 | Vaults:3 | Killed Norris
 41864 | Vaults:3 | Found Retal's Distillery.
 41892 | Vaults:3 | Bought a potion of might for 60 gold pieces
 41892 | Vaults:3 | Bought a potion of curing for 45 gold pieces
 41892 | Vaults:3 | Bought a potion of heal wounds for 75 gold pieces
 41939 | Vaults:3 | Reached XP level 21. HP: 184/202 MP: 29/29
 42050 | Vaults:3 | Received a gift from Okawaru
 42314 | Vaults:3 | You are sucked into a shaft and drop 1 floor!
 42500 | Vaults:4 | Found Zynixzub's Book Shoppe.
 42549 | Vaults:4 | Found a large runed translucent door.
 42549 | Vaults:4 | Found a large runed translucent door.
 42549 | Vaults:4 | Noticed Lolleill's ghost (adept DgSh)
 42549 | Vaults:4 | Noticed royokou's ghost (veteran MiFi)
 42656 | Vaults:4 | Received a gift from Okawaru
 43013 | Vaults:4 | Received a gift from Okawaru
 43506 | Vaults:5 | Identified the "Wacufa"
 43506 | Vaults:5 | Entered Level 5 of the Vaults
 43506 | Vaults:5 | Noticed a golden dragon
 43854 | Elf:1    | Identified the "Waynnaot"
 43854 | Elf:1    | Identified the "Radidgh"
 43854 | Elf:1    | Entered Level 1 of the Elven Halls
 43936 | Elf:1    | Found a runed translucent gate.
 43936 | Elf:1    | Found a runed translucent gate.
 43936 | Elf:1    | Found a runed translucent gate.
 43939 | Elf:1    | Noticed Tok Vil's ghost (adept MiHu)
 43939 | Elf:1    | Noticed voshxx's ghost (adept TeFE)
 43939 | Elf:1    | Noticed semem's ghost (adept HuMo)
 43941 | Elf:1    | Noticed stendehmen's ghost (journeyman DECj)
 44211 | Elf:1    | Received a gift from Okawaru
 44969 | Elf:3    | Identified the of Lavomu
 44969 | Elf:3    | Identified the of Yboihor
 44969 | Elf:3    | Identified the "Xiblipt"
 44969 | Elf:3    | Identified the "Kaffoat"
 44969 | Elf:3    | Identified the "Nuibrid"
 44969 | Elf:3    | Identified the "Kumeilec"
 44969 | Elf:3    | Identified the "Awecha"
 44969 | Elf:3    | Identified the "Vaenk"
 44969 | Elf:3    | Entered Level 3 of the Elven Halls
 45309 | Elf:2    | Received a gift from Okawaru
 45349 | Elf:2    | Reached XP level 22. HP: 213/213 MP: 31/31
 45389 | Elf:2    | Found a runed translucent gate.
 45389 | Elf:2    | Found a runed translucent gate.
 45389 | Elf:2    | Found a runed translucent gate.
 45389 | Elf:2    | Noticed tish's ghost (adept TrBe)
 45615 | Elf:2    | Found a runed translucent gate.
 45615 | Elf:2    | Found a runed translucent gate.
 45617 | Elf:2    | Found a runed translucent gate.
 46379 | Elf:2    | Received a gift from Okawaru
 46612 | Elf:3    | Found Kiskoikk's Armour Emporium.
 46667 | Elf:3    | Found a shimmering blue altar of Sif Muna.
 47176 | Elf:3    | Identified the +7 lajatang of the Blessed Realm {heavy,
                  | rPois rCorr}
 47176 | Elf:3    | Identified the ring of Waet Leca {rF+ SInv}
 47197 | Elf:3    | Received a gift from Okawaru
 47639 | Elf:3    | Identified the +1 robe "Cesipuog" {rN+ SInv}
 47644 | Elf:3    | Identified the +3 rapier of Fear {flame, rElec rPois Dex-3}
 47674 | Elf:3    | Identified the +6 chain mail of Bixkioss {Rampage rElec rF-
                  | Str+3}
 47686 | Elf:3    | Found the +3 warlock's mirror {omnireflect}
 47695 | Elf:3    | Identified the +6 scale mail "Fyhair" {Regen+ Str-3 Int+3
                  | Slay+3}
 47729 | Elf:3    | Identified the +4 shortbow of Fundamental Breach {heavy,
                  | Will++ Str-2 Int+3}
 47736 | Elf:3    | Identified the +7 hand axe "Spiderslayer" {spect, Dex+2}
 47737 | Elf:3    | Identified the +1 shortbow of Harmony {freeze, Str+5 Dex+2}
 48177 | Depths:1 | Entered Level 1 of the Depths
 48308 | Depths:1 | Found a gateway to Hell.
 48316 | Depths:1 | Found an opulent altar of Gozag.
 48318 | Depths:1 | Found Gozag's Platinum Reserve.
 48394 | Depths:1 | Found a one-way gateway to a ziggurat.
 48620 | Depths:1 | Found an iron altar of Okawaru.
 48993 | Depths:2 | Found a glowing golden altar of the Shining One.
 48993 | Depths:2 | Found a runed translucent door.
 49027 | Depths:2 | Received a gift from Okawaru
 49036 | Depths:2 | Reached skill level 27 in Shields
 49069 | Depths:2 | Reached skill level 15 in Invocations
 49302 | Depths:2 | Noticed Asterion
 49310 | Depths:2 | Killed Asterion
 49390 | Depths:2 | Identified the +2 leather armour "Simpuot" {Slay+4}
 49509 | Depths:2 | Reached XP level 23. HP: 224/224 MP: 33/33
 50195 | Depths:2 | Found a one-way gate leading to the halls of Pandemonium.
 50392 | Depths:3 | Received a gift from Okawaru
 50524 | Depths:3 | Identified the orb of the Iron City of Dis {guile, Rampage}
 50573 | Depths:3 | Found a one-way gate to the infinite horrors of the Abyss.
 50876 | Depths:3 | Noticed Frederick
 50900 | Depths:3 | Killed Frederick
 51127 | Depths:4 | Entered Level 4 of the Depths
 51136 | Depths:4 | Noticed a juggernaut
 51138 | Depths:4 | Received a gift from Okawaru
 51152 | Depths:4 | Killed a juggernaut
 51170 | Depths:4 | Reached skill level 15 in Throwing
 51453 | Depths:4 | Noticed a juggernaut
 51467 | Depths:4 | Killed a juggernaut
 51540 | Depths:4 | Paralysed by a vampire knight for 4 turns
 51863 | Depths:4 | Received a gift from Okawaru
 52117 | Depths:4 | Found a gate to the Realm of Zot.
 52293 | Depths:4 | Acquired the +2 pair of boots "Nifosu" {rElec rF+}
 52623 | Vaults:4 | Received a gift from Okawaru
 52658 | Vaults:4 | Reached XP level 24. HP: 220/237 MP: 33/33
 52784 | Vaults:5 | Identified the ring "Ihasemna" {Ice rCorr}
 53367 | Vaults:5 | Identified the +1 sling of Disorder {drain, *Slow rElec
                  | Str+4}
 53705 | Vaults:5 | Noticed a dread lich
 53712 | Vaults:4 | Received a gift from Okawaru
 54068 | Vaults:4 | Paralysed by a dread lich for 4 turns
 54080 | Vaults:4 | Killed a dread lich
 54590 | Vaults:5 | Noticed a dread lich
 54641 | Vaults:4 | Killed a dread lich
 54926 | Vaults:4 | Received a gift from Okawaru
 55191 | Vaults:5 | Noticed a dread lich
 55259 | Vaults:4 | Killed a dread lich
 55495 | Vaults:5 | Noticed a dread lich
 55574 | Vaults:4 | Paralysed by a dread lich for 5 turns
 55584 | Vaults:4 | Killed a dread lich
 56091 | Vaults:5 | Got a silver rune of Zot
 56132 | Vaults:5 | Identified the +0 ring mail of Gehenna {Int+3}
 56296 | Vaults:5 | Found Elarghuca's Weapon Boutique.
 56309 | Vaults:5 | Identified the +1 robe of Time Monsters {Str+3}
 56321 | Vaults:5 | Identified the staff of Vehumet, Gazing {*Slow rPois rF+
                  | rN++ Int+2 Fire}
 56326 | Vaults:5 | Found the +9 staff of Olgreb {rPois∞}
 56375 | Vaults:5 | Identified the +2 falchion "Zeufud" {freeze, rN+ Dex+4}
 56415 | Vaults:5 | Identified the amulet of Boexkak {Spirit +Inv rElec}
 56819 | Vaults:5 | Identified the +2 war axe "Itsizuem" {drain, rElec Str+3
                  | Stlth+}
 56880 | Vaults:5 | Identified the staff of Dawn {+Blink Str+3 Dex-3 Conj
                  | Earth}
 57369 | Slime:1  | Entered Level 1 of the Pits of Slime
 57381 | Slime:1  | Gained mutation: Your body sometimes deteriorates upon
                  | taking damage. [a shining eye]
 57470 | Lair:5   | Received a gift from Okawaru
 58976 | Slime:3  | Reached XP level 25. HP: 188/248 MP: 33/33
 59136 | Slime:2  | Received a gift from Okawaru
 59580 | Slime:5  | Identified the "Weez Ned"
 59580 | Slime:5  | Entered Level 5 of the Pits of Slime
 60150 | Slime:5  | Noticed the Royal Jelly
 60198 | Slime:5  | Killed the Royal Jelly
 60206 | Slime:5  | Found the +6 Majin-Bo {spellvamp, MP+6 Int+6}
 60530 | Slime:5  | Identified the +0 glaive of Dithmenos's Hope {vamp, rElec
                  | Will- Dex+3}
 60554 | Slime:5  | Received a gift from Okawaru
 60700 | Slime:5  | Identified the +6 orcbow of Gosomn {elec, Int+3}
 60751 | Slime:5  | Identified the amulet "Ruufaqin" {RegenMP *Slow rN+++ Dex+3
                  | Stlth+}
 60766 | Slime:5  | Got a slimy rune of Zot
 60960 | Slime:5  | Identified the +4 falchion "Raamita" {heavy, rPois rCorr}
 60997 | Slime:5  | Identified the quicksilver dragon scales "Lunosan" {Harm
                  | Will+ Str+2}
 62298 | Slime:4  | Gained mutation: Your body often deteriorates upon taking
                  | damage. [a shining eye]
 63186 | Elf:1    | Killed semem's ghost
 63190 | Elf:1    | Killed voshxx's ghost
 63194 | Elf:1    | Killed stendehmen's ghost
 63211 | Elf:1    | Killed Tok Vil's ghost
 63215 | Elf:1    | Identified the +3 plate armour "Taboc" {rN+ Int+4}
 63346 | Elf:2    | Killed tish's ghost
 63753 | Vaults:1 | Received a gift from Okawaru
 63759 | Vaults:1 | Paralysed by a dread lich for 3 turns
 63769 | Vaults:1 | Paralysed by a dread lich for 4 turns
 63782 | Vaults:1 | Killed a dread lich
 63830 | Vaults:1 | Found a transporter.
 64047 | Vaults:4 | Killed Lolleill's ghost
 64090 | Vaults:4 | Killed royokou's ghost
 65498 | Vaults:3 | Found a staircase to the Crypt.
 65954 | Crypt:1  | Entered Level 1 of the Crypt
 66521 | Crypt:1  | Received a gift from Okawaru
 67530 | Crypt:1  | You fall into a shaft and drop 1 floor!
 68105 | Crypt:2  | Acquired a manual of Translocations
 68120 | Crypt:2  | Found an ancient bone altar of Kikubaaqudgha.
 68441 | Crypt:3  | Entered Level 3 of the Crypt
 69239 | Crypt:3  | Received a gift from Okawaru
 69298 | Crypt:3  | Reached XP level 26. HP: 234/260 MP: 33/33
 69347 | Crypt:3  | Found a staircase to the Tomb.
 69375 | Crypt:3  | Identified the ring of Messeupn {rN+ Str-4 Int+6 Dex+2
                  | Stlth+}
 69375 | Crypt:3  | Identified the ring of Jifot {rN+ Will+++ Int-5 Stlth+}
 69490 | Crypt:3  | Identified the +6 chain mail "Feschop" {rPois rCorr Int+2}
 69662 | Crypt:3  | Identified the +11 war axe "Imekatatwy" {vamp, rPois}
 69677 | Crypt:3  | Identified the +0 robe "Tennuabu" {Regen+ Int+5 SInv
                  | Stlth+}
 69757 | Crypt:3  | Identified the +1 leather armour "Zitituv" {Str+7}
 70006 | Crypt:3  | Found an ancient bone altar of Kikubaaqudgha.
 70008 | Crypt:3  | Noticed an ancient lich
 70021 | Crypt:3  | Killed an ancient lich
 70032 | Crypt:3  | Noticed an ancient lich
 70042 | Crypt:3  | Killed an ancient lich
 70073 | Crypt:3  | Noticed a dread lich
 70089 | Crypt:3  | Killed a dread lich
 70089 | Crypt:3  | Received a gift from Okawaru
 70445 | Tomb:1   | Entered Level 1 of the Tomb of the Ancients
 71384 | Tomb:1   | Noticed a royal mummy
 71389 | Tomb:1   | Killed a royal mummy
 71412 | Tomb:1   | Noticed a royal mummy
 71417 | Tomb:1   | Killed a royal mummy
 71421 | Tomb:1   | Received a gift from Okawaru
 71729 | Tomb:1   | Noticed a royal mummy
 71743 | Tomb:1   | Killed a royal mummy
 72161 | Tomb:1   | Found the +18 Lear's hauberk
 72227 | Tomb:2   | Noticed a royal mummy
 72269 | Arena    | Entered the Arena
 72274 | Arena    | HP: 13/261 [Executioner[a Zot trap] (1)]
 72300 | Tomb:2   | Noticed a royal mummy
 72323 | Tomb:2   | Noticed a royal mummy
 72327 | Tomb:2   | Killed a royal mummy
 72333 | Tomb:2   | Killed a royal mummy
 72334 | Tomb:2   | Reached skill level 27 in Armour
 72338 | Tomb:2   | Killed a royal mummy
 72875 | Tomb:2   | Noticed a royal mummy
 72878 | Tomb:2   | Paralysed by a Zot trap for 5 turns
 72898 | Tomb:2   | Killed a royal mummy
 72934 | Tomb:2   | Received a gift from Okawaru
 73935 | Tomb:1   | Noticed a royal mummy
 73935 | Tomb:1   | Noticed a royal mummy
 73935 | Tomb:1   | Noticed a royal mummy
 74418 | Hell     | Entered the Vestibule of Hell
 74418 | Hell     | Noticed Geryon
 74440 | Hell     | Killed Geryon
 74793 | Hell     | Reached skill level 27 in Fighting
 74834 | Hell     | Reached XP level 27. HP: 273/273 MP: 33/33
 74857 | Hell     | Found a gateway to the ashen valley of Gehenna.
 74873 | Hell     | Received a gift from Okawaru
 75076 | Hell     | Found a gateway to the decaying netherworld of Tartarus.
 75179 | Hell     | Found a gateway to the freezing wastes of Cocytus.
 75253 | Hell     | Found a gateway to the Iron City of Dis.
 75948 | Depths:3 | Voluntarily entered the Abyss.
 76499 | Abyss:2  | Found a corrupted altar of Lugonu.
 76499 | Abyss:2  | Found a corrupted altar of Lugonu.
 76499 | Abyss:2  | Found a corrupted altar of Lugonu.
 76585 | Abyss:2  | Found a corrupted altar of Lugonu.
 76592 | Abyss:2  | Found a corrupted altar of Lugonu.
 76681 | Abyss:3  | Found a corrupted altar of Lugonu.
 77082 | Depths:3 | Escaped the Abyss
 77228 | Depths:3 | Voluntarily entered the Abyss.
 77236 | Abyss:3  | Noticed a dread lich
 77249 | Abyss:3  | Killed a dread lich
 77254 | Abyss:3  | Paralysed by an ettin for 3 turns
 77302 | Abyss:3  | Got an abyssal rune of Zot
 77360 | Abyss:3  | Noticed a dread lich
 77559 | Depths:3 | Escaped the Abyss
 77561 | Depths:3 | Voluntarily entered the Abyss.
 77561 | Abyss:4  | Found a corrupted altar of Lugonu.
 77575 | Abyss:4  | Found a corrupted altar of Lugonu.
 77623 | Abyss:4  | Received a gift from Okawaru
 77847 | Abyss:4  | Found a blossoming altar of Fedhas.
 77847 | Abyss:4  | Found a corrupted altar of Lugonu.
 77851 | Abyss:4  | Found a corrupted altar of Lugonu.
 78020 | Abyss:4  | Paralysed by accursed screaming for 1 turns
 78038 | Abyss:4  | Found a corrupted altar of Lugonu.
 78212 | Abyss:4  | Noticed an ancient lich
 78214 | Abyss:4  | Killed an ancient lich
 78235 | Depths:3 | Escaped the Abyss
 78325 | Depths:3 | Voluntarily entered the Abyss.
 78505 | Abyss:4  | Received a gift from Okawaru
 78582 | Depths:3 | Escaped the Abyss
 78801 | Depths:3 | Voluntarily entered the Abyss.
 79157 | Abyss:4  | Paralysed by accursed screaming for 1 turns
 79177 | Abyss:4  | Noticed a dread lich
 79186 | Abyss:4  | Killed a dread lich
 79239 | Depths:3 | Escaped the Abyss
 79522 | Depths:3 | Voluntarily entered the Abyss.
 79657 | Abyss:4  | Received a gift from Okawaru
 79715 | Abyss:4  | Reached skill level 27 in Axes
 79826 | Abyss:4  | Lost intelligence.
 79848 | Depths:3 | Escaped the Abyss
 79973 | Depths:3 | Voluntarily entered the Abyss.
 79981 | Abyss:4  | Found a corrupted altar of Lugonu.
 80153 | Abyss:4  | Paralysed by you for 5 turns
 80160 | Abyss:4  | Gained mutation: You possess an exceptional clarity of
                  | mind. [a neqoxec]
 80277 | Abyss:4  | Received a gift from Okawaru
 80288 | Depths:3 | Escaped the Abyss
 80480 | Depths:3 | Voluntarily entered the Abyss.
 80492 | Abyss:4  | Found a corrupted altar of Lugonu.
 80534 | Abyss:4  | Found a corrupted altar of Lugonu.
 80760 | Depths:3 | Escaped the Abyss
 81090 | Tar:7    | Identified the "Gaidunarr"
 81090 | Tar:7    | Identified the "Habraq"
 81090 | Tar:7    | Identified the "Qejaw"
 81090 | Coc:1    | Entered Level 1 of Cocytus
 81130 | Dis:1    | Entered Level 1 of the Iron City of Dis
 82060 | Dis:1    | Received a gift from Okawaru
 82327 | Geh:1    | Entered Level 1 of Gehenna
 82473 | Tar:1    | Entered Level 1 of Tartarus
 83005 | Tar:2    | Noticed a dread lich
 83160 | Tar:2    | Killed a dread lich
 84190 | Tar:3    | Received a gift from Okawaru
 85397 | Hell     | HP: 3/93 [tainted leviathan (8)]
 86555 | Zot:1    | Entered Level 1 of the Realm of Zot
 86583 | Zot:1    | HP: 5/175 [green draconian/+0 halberd[a black draconian
                  | knight] (9)]
 86584 | Arena    | Entered the Arena
 86592 | Arena    | Lost mutation: You possess an exceptional clarity of mind.
                  | [potion of mutation]
 86592 | Arena    | Lost mutation: Your body often deteriorates upon taking
                  | damage. [potion of mutation]
 86592 | Arena    | Lost mutation: Your body sometimes deteriorates upon taking
                  | damage. [potion of mutation]
 86592 | Arena    | Gained mutation: Potions are less effective at restoring
                  | your health. [potion of mutation]
 86593 | Arena    | Lost mutation: Potions are less effective at restoring your
                  | health. [potion of mutation]
 86593 | Arena    | Gained mutation: You have hidden genetic defects. [potion
                  | of mutation]
 86593 | Arena    | Gained mutation: You are weak. (Str -2) [potion of
                  | mutation]
 86593 | Arena    | Gained mutation: You have sharp toenails. [potion of
                  | mutation]
 86594 | Arena    | Lost mutation: You have sharp toenails. [potion of
                  | mutation]
 86594 | Arena    | Lost mutation: You have hidden genetic defects. [potion of
                  | mutation]
 86594 | Arena    | Lost mutation: You are weak. (Str -2) [potion of mutation]
 86594 | Arena    | Gained mutation: You occasionally lose the ability to drink
                  | potions when taking damage. [potion of mutation]
 86645 | Arena    | Entered the Arena
 87229 | Zot:1    | Received a gift from Okawaru
 87539 | Zot:1    | Identified the +1 scale mail of Exeux {Harm rF+ Int+2}
 88075 | Zot:1    | Found a shimmering altar of Xom.
 88075 | Zot:1    | Found a glowing silver altar of Zin.
 88075 | Zot:1    | Found a shimmering altar of Xom.
 88075 | Zot:1    | Found a shimmering altar of Xom.
 88075 | Zot:1    | Found a shimmering altar of Xom.
 88093 | Zot:1    | Found a shimmering altar of Xom.
 88093 | Zot:1    | Found a shimmering altar of Xom.
 88308 | Zot:1    | Identified the +9 plate armour of the Sufficient God {rCorr
                  | SInv}
 88733 | Zot:1    | Reached skill level 27 in Throwing
 88798 | Zot:2    | Reached skill level 1 in Dodging
 88838 | Zot:2    | Received a gift from Okawaru
 89135 | Zot:2    | Reached skill level 5 in Dodging
 90784 | Zot:3    | Received a gift from Okawaru
 91186 | Zot:3    | Reached skill level 10 in Dodging
 91797 | Zot:4    | Received a gift from Okawaru
 92567 | Zot:5    | Entered Level 5 of the Realm of Zot
 92954 | Zot:5    | Identified the staff "Qoopat" {rC+ Str+3 Int-4 SInv Conj}
 93238 | Zot:5    | Received a gift from Okawaru
 93259 | Zot:5    | Reached skill level 15 in Dodging
 93466 | Zot:5    | Noticed a dread lich
 93474 | Zot:5    | Killed a dread lich
 93551 | Zot:5    | Noticed an orb of fire
 93563 | Zot:5    | Noticed an orb of fire
 93564 | Zot:5    | Killed an orb of fire
 93585 | Zot:5    | Killed an orb of fire
 93971 | Zot:5    | Noticed an ancient lich
 93979 | Zot:5    | Killed an ancient lich
 93984 | Zot:5    | Noticed an ancient lich
 93987 | Zot:5    | Noticed an orb of fire
 93989 | Zot:5    | Killed an ancient lich
 93997 | Zot:5    | Killed an orb of fire
 94136 | Zot:5    | Noticed an ancient lich
 94147 | Zot:5    | Killed an ancient lich
 94147 | Zot:5    | Received a gift from Okawaru
 94674 | Zot:5    | Got the Orb of Zot
 94880 | Zot:1    | Noticed Ehes the pandemonium lord
 95374 | D:6      | Received a gift from Okawaru
 95503 | D:2      | Noticed Zacw the pandemonium lord
 95544 | D:$      | Escaped with the Orb!

Illustrated notes

Levels and vault maps discovered:
D:1:      lightli_iron_boxes, layout_loops_ring, kennysheep_boxes
D:2:      layout_loops_ring, serial_shops, shop
D:3:      layout_basic, serial_shops, shop, shapermc_ecumenical_altar_pompeii,
          chequers_jeans
D:4:      layout_rooms, nicolae_qazlal_style_of_elements,
          ashenzari_conservatory_becter, serial_shops,
          nicolae_shop_gibbet_a_chance, serial_curves, eino_curves_04,
          eino_curves_03, minmay_misc_feat_secret_circle, uniq_edmund
D:5:      layout_loops_ring, elyvilon_altar_1, kennysheep_mini_moat,
          minmay_temple_entry_fiery, minmay_manual_maat, uniq_blork_the_orc,
          uniq_duvessa, uniq_pikel
D:6:      dreamdust_elfheim, layout_cave_pools, xom_redecorated,
          serial_bayou_lake_a
D:7:      nzn_winding_woodlands_large [nzn_winding_woodlands_5x5_default,
          nzn_winding_woodlands_5x15_default,
          nzn_winding_woodlands_5x5_open_star,
          nzn_winding_woodlands_center_pierced_h,
          nzn_winding_woodlands_15x15_eel_pit,
          nzn_winding_woodlands_center_diamonds,
          nzn_winding_woodlands_5x5_checkerboard,
          nzn_winding_woodlands_5x15_cabin, nzn_winding_woodlands_hourglass],
          layout_basic, uniq_joseph
D:8:      layout_basic
D:9:      layout_layer_cave, jmf_multi_god_temple2, orc_0_dummy, uniq_jeremiah
D:10:     nicolae_cairo_tiling_large_dashed, layout_gridville, serial_shops,
          shop, minmay_shop_damaged
D:11:     layout_cave_pools, lair_entry_dummy, nicolae_elemental_shop,
          nicolae_specific_store, lightli_church_of_beogh
D:12:     minmay_spiral_squares, layout_long_grid, serial_shops, shop,
          kennysheep_dice
D:13:     layout_gridville
D:14:     layout_cave_pods, hellmonk_vaults_attempted_burglary,
          ebering_ghost_inner_flame, cheibriados_altar_1
D:15:     grunt_enter_depths_snipers, layout_loops_corners,
          nicolae_uskayaw_suspiria, serial_shops, nicolae_square_shop,
          minmay_diamond_spiral, uniq_jorgrun
Temple:   minmay_freezing_vapour_temple
Lair:1:   layout_chaotic_city
Lair:2:   layout_concentric_octagons, minmay_shoals_entry_beasts,
          alex1729_snake_entry_snake, portal_ice_cave_entry_pillars_2,
          nzn_sisyphean_effort, uniq_gastronok
Lair:3:   layout_gridlike, dreamdust_wasp_nest
Lair:4:   layout_regular_city, gauntlet_entry_generic
Lair:5:   due_jungle_book, layout_small_grid, slime_entry_1,
          chequers_serial_rivers_room_b
Shoals:1: layout_shoals, lightli_airlock, uniq_josephine, uniq_aizul,
          uniq_louise
Shoals:2: layout_shoals
Shoals:3: layout_shoals
Shoals:4: shoals_end_hangedman, layout_shoals, uniq_kirke
Snake:1:  layout_onion, minmay_shop_enchanted_jewellery, grunt_megastairs_4
Snake:2:  layout_concentric_octagons, basic_altar, uniq_vashnia
Snake:3:  layout_misc_corridors, uniq_bai_suzhen, uniq_nikola
Snake:4:  snake_pit, layout_chambers, nicolae_snake_ghostly_warrior_ritual
Slime:1:  layout_caves
Slime:2:  layout_caves
Slime:3:  layout_caves
Slime:4:  layout_caves
Slime:5:  slime_pit_nicolae_trefoil
Orc:1:    layout_caves, mines_bat_river
Orc:2:    st_orc_town, layout_diamond_mine
Elf:1:    minmay_elf_arrival_summoners, layout_gridlike,
          gammafunk_ghost_cemetery, minmay_elf_sorcery
Elf:2:    elven_hall_of_blades_hangedman_original
          [infiniplex_blade_entry_pillars], layout_onion_city,
          ebering_ghost_rock_garden, minmay_misc_feat_ornament, lemuel_elevator
Elf:3:    minmay_elf_hall_quartered_circle, layout_geoelf_grid, basic_altar,
          minmay_shop_grid_forest
Vaults:1: gammafunk_sealed_library, hangedman_vaults_river_flow,
          nicolae_vaults_twisting_passages, nicolae_vaults_triangles,
          ontoclasm_vaults_ligature, nicolae_vaults_wrenched,
          nicolae_vaults_asterisk, v_alt_pattern_5,
          nicolae_vaults_tetromino_L_2, v_pattern_3, ontoclasm_vaults_fault,
          nicolae_vaults_double_plus_2, nicolae_vaults_tangram_1,
          layout_vaults_omnibox
Vaults:2: v_alt_pattern_3, vaults_room_grunt_arrival_checkpoint,
          nicolae_vaults_closet_pinwheel_3, nicolae_vaults_door_testing_chamber,
          nicolae_vaults_theta, vaults_dpeg_cross, v_misc_5,
          layout_vaults_omnigrid
Vaults:3: v_misc_33, minmay_crypt_entry_simple_statues, v_misc_1,
          vaults_standard_mumra_lines, v_misc_9,
          nicolae_vaults_offset_grid_hallway_1, v_misc_1,
          hangedman_vaults_corner_blocks, nicolae_vaults_little_squares_5,
          ontoclasm_vaults_idyll, nicolae_vaults_alarming,
          nicolae_vaults_storage_room_glass, layout_vaults_omnicross,
          serial_shops, shop, uniq_norris
Vaults:4: advil_vaults_ghost_guards, v_rooms_5, hangedman_vaults_nodes,
          grunt_vaults_focal, v_pattern_4, nicolae_vaults_double_plus_2,
          hangedman_vaults_locks, nicolae_vaults_little_ls, v_misc_2,
          nicolae_vaults_more_shelving_1, nicolae_vaults_offset_grid_hallway_4,
          nicolae_vaults_tetromino_T_1, nicolae_vaults_theta,
          nicolae_vaults_house_2, nicolae_vaults_tetromino_T_2,
          layout_vaults_ring, serial_shops, shop
Vaults:5
Crypt:1:  layout_regular_city, st_stairs_2, minivault_25
Crypt:2:  layout_rooms, basic_altar, skrybe_necro_troll_2,
          roderic_lattice_octagonal_star
Crypt:3:  quadcrypt_mu
Tomb:1:   uniq_khufu
Tomb:2
Depths:1: layout_honeycomb, enter_ziggurat_a, hell_entry,
          okawaru_ov_weapons_minmay, nicolae_gozag_zags_fifth_avenue,
          serial_bayou_shore_a, serial_bayou_shore_b
Depths:2: minmay_imperfect_grid, layout_basic, hell_entry,
          rand_demon_pan_entry_9, lemuel_angel_altar, uniq_asterion
Depths:3: hangedman_cross_stitches, layout_cave_pools, abyss_entry,
          serial_sigils_hangedman_clutch, pf_hell_entry_tar_river,
          uniq_frederick
Depths:4: grunt_zot_entry_alcove, layout_gridlike, hell_entry,
          hangedman_decor_opposing, grunt_megastairs_2
Hell
Dis:1:    layout_jigsaw
Geh:1:    layout_gehenna_pools_box, nicolae_geh_rippling_lava
Coc:1:    layout_cocytus_water_paths, nicolae_coc_statues_of_limitations
Tar:1:    layout_honeycomb
Tar:2:    layout_catacombs
Tar:3:    layout_grid_maze
Tar:4:    layout_grid_maze
Zot:1:    dreamdust_zin_vs_xom, layout_misc_corridors, st_large_dragon_hoard_3
Zot:2:    layout_misc_corridors, regret_index_zotdec_barnacled_simple
Zot:3:    kennysheep_spiral_hall, layout_gridlike
Zot:4:    layout_onion_interference, regret_index_zotdec_obsidian_hm
Zot:5:    layout_misc_corridors, hangedman_zot_diagonal_lockstep

Skill      XL: |  1  2  3  4  5  6  7  8  9 10 11 12 13 14 15 16 17 18 19 20 21 22 23 24 25 26 27 |
---------------+----------------------------------------------------------------------------------+-----
Shields        | 4 5 6 7 9 10 12 13 15 16 18 19 20 22 23 24 25 27 | 27.0
Axes           | 3 4 5 7 8 10 12 14 16 19 20 21 22 23 24 27 | 27.0
Armour         | 4 5 6 7 9 10 11 12 13 14 15 16 17 18 19 20 21 24 25 27 | 27.0
Fighting       | 4 5 6 7 8 10 11 13 15 16 18 19 20 21 22 23 24 25 27 | 27.0
Invocations    | 2 4 6 7 8 10 11 12 13 14 15 | 15.6
Throwing       | 1 5 7 9 10 11 12 14 15 17 18 19 27 | 27.0
Dodging        | 19 | 19.2

Action                     |  1- 3 |  4- 6 |  7- 9 | 10-12 | 13-15 | 16-18 | 19-21 | 22-24 | 25-27 || total
---------------------------+-------+-------+-------+-------+-------+-------+-------+-------+-------++-------
  Melee: War axe           |   103 |    56 |   248 |    68 |       |       |       |       |       ||   475
         Headbutt          |     5 |     5 |    47 |   123 |   229 |   315 |   273 |   491 |  1300 ||  2788
         Hand axe          |       |       |       |   429 |   103 |       |       |       |       ||   532
         Broad axe         |       |       |       |   112 |   765 |  1126 |   858 |  1432 |  3666 ||  7959
  Throw: Boomerang         |       |       |       |       |       |    34 |       |   162 |   305 ||   501
         Javelin           |       |       |       |       |       |       |       |    14 |   100 ||   114
 Invoke: Heroism           |       |       |     2 |     1 |       |     2 |       |       |     4 ||     9
         Receive Weapon    |       |       |       |     1 |       |       |       |       |       ||     1
         Receive Armour    |       |       |       |     1 |       |       |       |       |       ||     1
         Duel              |       |       |       |       |       |       |       |       |     3 ||     3
         Finesse           |       |       |       |       |       |       |       |       |     3 ||     3
  Evoke: Wand              |       |       |       |       |       |       |       |       |     1 ||     1
    Use: Potion            |       |     2 |     2 |       |       |     2 |     1 |       |    31 ||    38
         Scroll            |       |       |     6 |     7 |    16 |     8 |     4 |     6 |    22 ||    69
   Stab: Distracted        |       |       |       |       |     2 |       |       |       |       ||     2
         Invisible         |       |       |       |       |       |       |       |       |    20 ||    20
 Armour: Scale mail        |    75 |    60 |    66 |       |       |       |       |       |       ||   201
         Chain mail        |       |       |    59 |       |       |       |       |       |       ||    59
         Plate armour      |       |       |   109 |   399 |   171 |       |       |       |       ||   679
         Crystal plate arm |       |       |       |       |   497 |  1027 |   431 |  1055 |  2435 ||  5445
  Dodge: Dodged            |    51 |    34 |    92 |   117 |   140 |   184 |    97 |   200 |   611 ||  1526
  Block: Buckler           |    34 |    12 |    67 |   131 |   319 |   325 |       |       |  1595 ||  2483
         Tower shield      |       |       |       |       |       |   424 |   623 |  1352 |  1381 ||  3780
         Reflection        |       |       |       |       |       |       |       |    53 |   146 ||   199

Table legend: (Time is in decaauts)
 A = Elapsed time spent in this place.
 B = Non-inter-level travel time spent in this place.
 C = Inter-level travel time spent in this place.
 D = Time resting spent in this place.
 E = Time spent auto-exploring this place.
 F = Levels seen in this place.
 G = Mean time per level.
                   A        B        C        D        E       F      G
               +--------+--------+--------+--------+--------+-----+--------+
         Total |  93522 |  83754 |   9768 |  25118 |  40234 |  82 | 1140.5 |
       Dungeon |  25008 |  20589 |   4419 |   5442 |  12135 |  15 | 1667.2 |
        Temple |     10 |     10 |      0 |      0 |      0 |   1 |   10.0 |
          Lair |   6017 |   5110 |    907 |    378 |   3655 |   5 | 1203.4 |
        Shoals |   3589 |   3399 |    190 |     43 |   2609 |   4 |  897.2 |
     Snake Pit |   4198 |   4044 |    154 |    447 |   2598 |   4 | 1049.5 |
    Slime Pits |   5157 |   4917 |    240 |   2075 |   2064 |   5 | 1031.4 |
  Orcish Mines |   1406 |    986 |    420 |     37 |    731 |   2 |  703.0 |
   Elven Halls |   4331 |   3938 |    393 |    710 |   2140 |   3 | 1443.7 |
        Vaults |  10342 |   9112 |   1230 |   2776 |   4510 |   5 | 2068.4 |
         Crypt |   4520 |   4184 |    336 |   1422 |   1925 |   3 | 1506.7 |
          Tomb |   3566 |   3382 |    184 |   1828 |    414 |   2 | 1783.0 |
        Depths |   6761 |   5933 |    828 |   2215 |   2661 |   4 | 1690.2 |
          Hell |   1861 |   1727 |    134 |   1061 |    354 |   1 | 1861.0 |
           Dis |   1102 |   1094 |      8 |    796 |      0 |   1 | 1102.0 |
       Gehenna |      3 |      3 |      0 |      0 |      0 |   1 |    3.0 |
       Cocytus |      1 |      1 |      0 |      0 |      0 |   1 |    1.0 |
      Tartarus |   1967 |   1781 |    186 |    705 |    620 |   4 |  491.8 |
           Zot |   8017 |   7885 |    132 |   3704 |   2226 |   5 | 1603.4 |
         Abyss |   3477 |   3477 |      0 |    538 |   1192 |  11 |  316.1 |
      Ice Cave |   1632 |   1632 |      0 |    922 |    113 |   1 | 1632.0 |
      Gauntlet |    485 |    485 |      0 |      0 |    285 |   1 |  485.0 |
         Arena |     63 |     63 |      0 |     13 |      0 |   3 |   21.0 |
               +--------+--------+--------+--------+--------+-----+--------+

Top non-repeatable levels by time:
Vaults:4: 4290 daAuts
     D:7: 3426 daAuts
    D:12: 2819 daAuts
 Slime:5: 2553 daAuts
     D:5: 2551 daAuts
Depths:3: 2340 daAuts
    D:11: 2192 daAuts
   Zot:5: 2125 daAuts
   Zot:1: 2117 daAuts
 Abyss:4: 2112 daAuts
 Crypt:3: 2075 daAuts
    Hell: 1861 daAuts
  Tomb:1: 1861 daAuts
     D:9: 1838 daAuts
 Crypt:1: 1798 daAuts
